Map: Dusk Towers

Players

LindyHop - Winner!

  • Race: Zerg Zerg
  • League: Platinum

Rompalisk

  • Race: Zerg Zerg
  • League: Gold

VOD

Have the link to the VOD?

Description

Time

  • Played on: Jan. 16, 2016, 8:11 p.m.
  • Length: 10:04
Show
View Real Time Build Order
Export as new Build Order

LindyHop Zerg - Winner!

Build Orders: Hatch First 

Get SALT Encoding   

  12  0:01  Drone  
  13  0:12  Overlord  
  13  0:17  Drone  
  14  0:31  Drone x2  
  14  0:34  Drone  
  17  0:52  Hatchery  
  16  1:07  Spawning Pool  
  16  1:08  Drone  
  16  1:13  Drone  
  16  1:15  Drone  
  18  1:21  Drone, Extractor  
  18  1:39  Overlord  
  18  1:43  Drone  
  19  1:53  Queen  
  21  1:54  Zergling x2  
  22  2:11  Baneling Nest, Queen  
  22  2:12  Zergling x4  
  25  2:23  Drone x2  
  25  2:29  Overlord  
  27  2:39  Drone x3  
  30  2:44  Metabolic Boost  
  30  3:03  Baneling  
  30  3:04  Baneling  
  30  3:05  Drone x4  
  30  3:06  Drone x3  
  30  3:10  Extractor  
  36  3:14  Queen  
  38  3:23  Evolution Chamber  
  36  3:48  Zergling x2  
  36  3:49  Zergling x10  
  42  4:00  Zerg Ground Armor Level 1  
  42  4:02  Hatchery  
  42  4:05  Drone x2  
  43  4:18  Drone, Overlord  
  43  4:19  Overlord  
  42  4:34  Drone  
  42  4:35  Drone  
  41  4:46  Evolution Chamber  
  41  4:51  Spine Crawler, Zergling x2  
  41  4:52  Zergling x16  
  48  4:53  Spine Crawler  
  48  4:59  Lair  
  47  5:07  Zergling x6  
  50  5:16  Zergling x6  
  50  5:19  Zerg Melee Weapons Level 1  
  53  5:24  Drone x5  
  58  5:33  Drone x3  
  57  5:49  Drone x5  
  58  5:53  Overlord  
  58  5:56  Queen  
  58  5:57  Extractor  
  59  5:58  Extractor  
  57  6:12  Baneling x2  
  57  6:13  Baneling x4  
  57  6:18  Zerg Missile Weapons Level 1  
  57  6:20  Spire  
  57  6:23  Drone x6, Extractor  
  57  6:24  Extractor  
  60  6:28  Zergling x2  
  54  6:47  Drone x2  
  54  6:48  Drone x7  
  61  6:58  Spore Crawler  
  60  7:03  Drone x3  
  60  7:04  Spore Crawler  
  60  7:05  Spore Crawler  
  61  7:09  Spore Crawler  
  61  7:12  Drone x6  
  66  7:27  Overlord x3  
  66  7:28  Overlord  
  64  7:47  Mutalisk x3  
  64  7:48  Mutalisk x7  
  84  7:57  Spore Crawler  
  83  7:59  Overlord  
  83  8:02  Zerg Flyer Weapons Level 1  
  83  8:20  Overlord  
  83  8:21  Overlord  
  83  8:27  Overlord  
  83  8:28  Overlord x2  
  83  8:38  Overlord x2, Queen x2  
  87  8:46  Mutalisk  
  87  8:47  Mutalisk x7  
  103  9:03  Hydralisk Den  
  102  9:12  Zergling x2  
  102  9:13  Zergling x8  
  102  9:14  Zergling x2  
  102  9:15  Zergling x16  
  116  9:29  Zergling x6  
  119  9:34  Zergling x2  
  119  9:35  Zergling x2  
  119  9:37  Mutalisk  
  123  9:41  Overseer  
  123  9:59  Hatchery  
Show
View Real Time Build Order
Export as new Build Order

Rompalisk Zerg 

Build Orders: Pool First 

Get SALT Encoding   

  12  0:01  Drone  
  13  0:08  Drone  
  14  0:17  Overlord  
  14  0:23  Drone, Extractor  
  15  0:36  Drone x2  
  17  0:45  Drone  
  18  0:50  Spawning Pool  
  18  0:56  Drone  
  18  1:15  Hatchery  
  17  1:18  Drone  
  17  1:22  Drone  
  17  1:25  Extractor  
  18  1:33  Overlord  
  18  1:39  Queen  
  20  1:53  Drone x2  
  22  1:59  Extractor  
  22  2:00  Drone  
  22  2:11  Drone  
  23  2:18  Queen  
  25  2:28  Roach Warren, Queen  
  25  2:29  Drone  
  27  2:32  Drone  
  27  2:35  Drone  
  29  2:42  Drone x2  
  31  2:45  Extractor  
  29  3:09  Drone x3  
  29  3:10  Drone  
  29  3:11  Overlord  
  29  3:12  Overlord  
  33  3:27  Overlord  
  33  3:29  Roach  
  33  3:30  Roach x3  
  33  3:33  Roach  
  43  3:50  Lair  
  43  3:52  Drone x3  
  46  3:57  Drone  
  46  4:00  Roach  
  49  4:08  Drone  
  49  4:09  Drone x3  
  53  4:14  Roach x2  
  57  4:18  Drone  
  57  4:19  Drone  
  57  4:42  Overlord  
  57  4:44  Roach  
  59  4:47  Drone  
  59  4:51  Glial Reconstitution  
  60  4:58  Extractor  
  59  5:00  Queen  
  59  5:02  Spire, Extractor  
  59  5:11  Overlord  
  59  5:15  Hatchery  
  59  5:20  Drone x5  
  59  5:21  Drone x4  
  64  5:27  Spine Crawler  
  66  5:32  Drone  
  65  5:49  Roach x5  
  61  6:12  Drone x6  
  61  6:15  Overlord  
  67  6:26  Mutalisk x2  
  67  6:27  Mutalisk x3  
  75  6:49  Mutalisk x2  
  75  6:50  Mutalisk  
  81  7:02  Queen  
  81  7:04  Drone x2  
  81  7:05  Drone x4  
  89  7:10  Overlord x2  
  89  7:31  Mutalisk  
  89  7:32  Mutalisk  
  91  7:53  Drone x3  
  94  8:00  Extractor  
  94  8:01  Mutalisk x3, Extractor  
  98  8:21  Mutalisk  
  98  8:25  Overlord  
  92  8:33  Drone x4  
  92  8:35  Zergling x12  
  98  8:51  Overlord x2  
  98  8:59  Overlord  
  98  9:00  Overlord  
  98  9:12  Drone x3  
  98  9:13  Drone  
  98  9:15  Hatchery  
  101  9:20  Mutalisk x5  
  105  9:32  Drone x3  
  105  9:33  Drone x3  
  105  9:38  Roach x5  
  117  9:39  Roach x2  
Tags
 
Add a new tag
Caveats
  • Supply blocks, unpowered buildings, or Contaminate may cause inaccurate times.
  • Supply counts are checked every 10 seconds.